 Dungeon Crawl Stone Soup version 0.29.0-4-gdea44cf6ec (webtiles) character file.

Game seed: 3188472926482799856

277 RoabertG the Cutter (level 6, -1/47 HPs)
             Began as a Human Gladiator on Aug 25, 2022.
             Was a High Priest of Ignis.
             Splashed by a jelly's acid (2 damage)
             ... on level 5 of the Dungeon on Aug 26, 2022.
             The game lasted 00:44:58 (3458 turns).

RoabertG the Cutter (Human Gladiator)               Turns: 3458, Time: 00:44:59

Health: -1/47      AC:  6    Str: 15    XL:     6   Next: 51%
Magic:  6/6        EV: 13    Int:  8    God:    Ignis [*****.]
Gold:   216        SH:  0    Dex: 16    Spells: 5/5 levels left

rFire   + . .      SeeInvis .   a - +0 rapier
rCold   . . .      Faith    .   p - orb {guile}
rNeg    . . .      Spirit   .   g - +1 leather armour {rPois}
rPois   +          Reflect  .   c - +0 helmet
rElec   .          Harm     .   (no cloak)
rCorr   .          Rampage  .   (no gloves)
Will    .....                   v - +0 pair of boots
Stlth   +.........              (no amulet)
HPRegen 0.15/turn               n - +4 ring of protection
MPRegen 0.10/turn               (no ring)

@: corroded
A: no striking features
a: Renounce Religion, Fiery Armour, Foxfire Swarm, Rising Flame


You were on level 5 of the Dungeon.
You worshipped Ignis.
Ignis was extremely pleased with you.
You visited 1 branch of the dungeon, and saw 6 of its levels.

You collected 216 gold pieces.

Inventory:

Hand Weapons
 a - a +0 rapier (weapon)
Missiles
 d - a throwing net
 e - a javelin
 j - 5 poisoned darts (quivered)
 m - 16 stones
 q - 5 silver javelins
Armour
 b - a +0 leather armour
 c - a +0 helmet (worn)
 g - a +1 leather armour of poison resistance (worn)
 l - a +0 scale mail
 o - an orb of wrath
 p - an orb of guile (worn)
 v - a +0 pair of boots (worn)
Magical Staves
 k - a staff of conjuration
Jewellery
 n - a +4 ring of protection (left hand)
Scrolls
 r - a scroll of blinking {unknown}
 s - 2 scrolls of noise
 t - a scroll of amnesia {unknown}
 u - a scroll of identify
 w - a scroll of vulnerability {unknown}
 x - a scroll of fear {unknown}
Potions
 f - a potion of curing {unknown}
 h - a potion of attraction
 z - a potion of haste


   Skills:
 + Level 3.2 Fighting
 + Level 4.7 Short Blades
 + Level 2.4 Throwing
 + Level 1.7 Armour
 + Level 4.2 Dodging
 + Level 0.6 Stealth


You had 5 spell levels left.
You didn't know any spells.
Your spell library was empty.

Dungeon Overview and Level Annotations

Branches:
Dungeon (6/15)
 Temple: D:4-7

Altars:
Cheibriados
Gozag
Uskayaw
Wu Jian
Ignis


Message History

The jelly closely misses you.
You feel sick. The adder attacks as you move away! The adder misses you.
You feel sick.
The orc wizard hits you but does no damage.
The jelly barely misses you.
You feel sick. The jelly hits you but does no damage.
You feel sick.
The orc wizard hits you but does no damage.
The jelly hits you.
You are splashed with acid!
The orc hits you but does no damage. The adder bites you but does no damage.
The adder attacks as you move away! The adder bites you but does no damage.
You feel sick. The orc attacks as you move away! The orc closely misses you.
You feel sick.
You are no longer poisoned.
The ice beast hits you.
* * * LOW HITPOINT WARNING * * *
The ice beast freezes you!
* * * LOW HITPOINT WARNING * * *
The orc wizard misses you.
There is a stone staircase leading up here.
The ice beast misses you. The orc wizard barely misses you.
The jelly misses you. The orc closely misses you.
You climb upwards.
There is a stone staircase leading down here.
As you read the scroll of teleportation, it crumbles to dust.
You feel strangely unstable. The orc barely misses you.
The jelly barely misses you. The ice beast closely misses you.
As you read the scroll of teleportation, it crumbles to dust.
You feel strangely stable. The orc closely misses you.
The jelly hits you but does no damage. The ice beast barely misses you.
You hit the orc.
The orc is severely wounded.
The orc closely misses you. The jelly closely misses you.
The ice beast hits you but does no damage.
You puncture the jelly! The acid corrodes you!
Your hands burn!
* * * LOW HITPOINT WARNING * * *
The jelly is heavily wounded.
The orc closely misses you. The jelly hits you but does no damage.
The ice beast hits you but does no damage.
You hit the jelly but do no damage.
Your hands burn!
You die...

.# ##.# ####
#...### ...
##.#......
#.#.#####.##..#..#
#........o.......#
#...#####J#Y....#
#### ##@#.....
##o..### ##.# #


You could see an ice beast, a jelly, an orc wizard and an orc.

Vanquished Creatures
  A phantom (D:3)
  4 gnolls (D:2)
  7 adders
  5 worms
  7 dart slugs
  An orc (D:3)
  11 ball pythons
  3 endoplasms (D:3)
  6 giant cockroaches
  5 goblins
  9 hobgoblins
  3 quokkas
  6 bats
  2 frilled lizards (D:3)
  2 kobolds (D:3)
  8 rats
80 creatures vanquished.

Vanquished Creatures (others)
  A plant (D:3)
1 creature vanquished.

Grand Total: 81 creatures vanquished

Notes
Turn   | Place    | Note
-------+----------+-------------------------------------------
     0 | D:1      | RoabertG the Human Gladiator began the quest for the Orb.
     0 | D:1      | Reached XP level 1. HP: 16/16 MP: 1/1
   230 | D:1      | Reached XP level 2. HP: 22/22 MP: 2/2
   555 | D:1      | Upgraded the game from 0.29.0-3-gbb0933ed62 to
                  | 0.29.0-4-gdea44cf6ec
   720 | D:1      | Reached XP level 3. HP: 24/27 MP: 3/3
  1183 | D:2      | Reached XP level 4. HP: 34/34 MP: 4/4
  1552 | D:2      | Reached skill level 1 in Armour
  1573 | D:2      | Reached XP level 5. HP: 40/40 MP: 5/5
  1827 | D:3      | Found a faded altar of an unknown god.
  1838 | D:3      | Prayed at the altar of an unknown god.
  1838 | D:3      | Became a worshipper of Ignis, the Dying Flame
  1865 | D:3      | Found an opulent altar of Gozag.
  1870 | D:3      | Found an ornate altar of the Wu Jian Council.
  2228 | D:3      | Found a hide-covered altar of Uskayaw.
  2236 | D:3      | Found a snail-covered altar of Cheibriados.
  2345 | D:3      | Noticed a phantom
  2381 | D:3      | Killed a phantom
  2382 | D:3      | Reached XP level 6. HP: 16/47 MP: 6/6
  3425 | D:5      | Entered Level 5 of the Dungeon
  3435 | D:6      | Noticed an ice beast
  3457 | D:5      | HP: 1/47 [acid (5)]
  3458 | D:5      | Splashed by a jelly's acid

Illustrated notes

Levels and vault maps discovered:
D:1:      shiori_arrival_oz, layout_loops_ring
D:2:      minmay_evil_eye, layout_basic
D:3:      minmay_chambers_of_threes, layout_rooms, nicolae_uskayaw_dance_hall,
          jmf_multi_god_temple, kennysheep_slug_shrine,
          nicolae_ecumenical_snake_handling, serial_co_window_serial,
          co_window_paths_b, co_window_paths_b, co_window_of_opportunity_a,
          co_window_of_opportunity_a, co_window_corner_a, co_window_corner_cb,
          co_window_paths_c, co_window_corner_b, co_window_corner_b,
          co_window_corner_ca, co_window_2corner, glass_columns_b,
          glass_columns_b, glass_columns_c, glass_columns_a, glass_columns_a,
          amethyst_killhole, serial_bayou_pond_b
D:4:      layout_basic, minmay_temple_entry_mist
D:5:      layout_loops_corners, mainiacjoe_overflow_boulevard,
          nicolae_figureground_pulse, uniq_crazy_yiuf_cottage, uniq_pikel
D:6:      layout_basic, serial_shops, shop_statue,
          hellmonk_ghost_happy_afterlife, uniq_duvessa, uniq_edmund

Skill      XL: |  1  2  3  4  5 |
---------------+----------------+-----
Short Blades   | 4 |  4.7
Armour         | 1 |  1.7
Fighting       | 3 |  3.2
Dodging        | 4 |  4.2
Throwing       | |  2.4
Stealth        | |  0.6

Action                   |  1- 3 |  4- 6 || total
-------------------------+-------+-------++-------
Melee: Rapier            |    89 |   175 ||   264
       Punch             |     2 |       ||     2
Throw: Throwing net      |     2 |     2 ||     4
       Dart              |     4 |    10 ||    14
Invok: Fiery Armour      |       |     1 ||     1
  Use: Potion            |     4 |     2 ||     6
       Scroll            |     1 |     3 ||     4
 Stab: Sleeping          |     1 |     1 ||     2
       Held in net/web   |       |     1 ||     1
Armor: Leather armour    |    34 |    77 ||   111
Dodge: Dodged            |    70 |   123 ||   193
